 Dungeon Crawl Stone Soup version 0.31-a0-986-g5e6e4ef867 (webtiles) character file.

Game seed: 6899815539850330317

1878 wildpjah the Skirmisher (level 9, -4/53 (55) HPs)
             Began as a Tengu Fighter on Nov 22, 2023.
             Was a Believer of Dithmenos.
             Slain by a wight
             ... wielding a +3 morningstar
              (17 damage)
             ... on level 6 of the Dungeon.
             The game lasted 00:09:20 (4266 turns).

wildpjah the Skirmisher (Tengu Fighter)             Turns: 4266, Time: 00:09:20

HP:   -4/53 (55)    AC:  8    Str: 16    XL:     9   Next: 14%
MP:   10/10         EV: 13    Int:  9    God:    Dithmenos [**....]
Gold: 363           SH:  5    Dex: 18    Spells: 6/8 levels left

rFire   . . .        l - +2 short sword (venom)
rCold   . . .        c - +0 buckler
rNeg    + . .        b - +0 scale mail
rPois   .            (helmet restricted)
rElec   .            q - +0 cloak
rCorr   .            (no gloves)
SInv    .            (boots unavailable)
Will    .....        n - amulet of magic regeneration Stlth
                     u - ring of positive energy
HPRegen 0.28/turn    (no ring)
MPRegen 0.52/turn

%: acrobat
@: flying, wreathed by umbra, lightly drained
A: beak, talons 3, evasive flight, acrobatic
a: Renounce Religion, Shadow Step


You were on level 6 of the Dungeon.
You worshipped Dithmenos.
Dithmenos was pleased with you.
You visited 2 branches of the dungeon, and saw 8 of its levels.

You collected 363 gold pieces.

Inventory:

Hand Weapons
 a - a +0 long sword
 h - the +7 hand cannon "Mule" {flame, backblast, rF+}
   (You found it on level 2 of the Dungeon)

   rF+:       It protects you from fire.
 l - a +2 short sword of venom (weapon)
 C - a +0 heavy scimitar
Missiles
 x - a throwing net
Armour
 b - a +0 scale mail (worn)
 c - a +0 buckler (worn)
 q - a +0 cloak (worn)
Jewellery
 k - a ring of fire
 n - an amulet of magic regeneration (around neck)
 u - a ring of positive energy (left hand)
 y - a ring of protection from cold
 E - a ring of ice
Wands
 d - a wand of flame (26)
 o - a wand of digging (7)
Scrolls
 e - 3 scrolls of fear {unknown}
 f - 10 scrolls of identify {unknown}
 g - 2 scrolls of noise {unknown}
 j - 2 scrolls of immolation {unknown}
 m - a scroll of brand weapon {unknown}
 p - 3 scrolls of teleportation {unknown}
 s - 2 scrolls of amnesia {unknown}
 A - a scroll of enchant armour {unknown}
 G - a scroll of fog {unknown}
Potions
 i - 3 potions of brilliance
 r - a potion of haste {unknown}
 t - 2 potions of enlightenment {unknown}
 v - a potion of cancellation {unknown}
 w - a potion of mutation {unknown}
 z - a potion of magic {unknown}
 B - a potion of might
 D - a potion of curing
 F - 2 potions of heal wounds {unknown}


   Skills:
 + Level 5.9 Fighting
 + Level 3.1(3.7) Short Blades
 + Level 3.1(3.8) Long Blades
 + Level 8.3 Ranged Weapons
 + Level 6.0 Armour
 + Level 1.4 Dodging
 + Level 0.1 Stealth
 + Level 4.2 Shields


You had 6 spell levels left.
You knew the following spells:

 Your Spells              Type           Power      Damage    Failure   Level
a - Jinxbite              Hex            0%         N/A       95%         2

Your spell library contained the following spells:

 Spells                   Type           Power      Damage    Failure   Level
 Slow                     Hex            0%         N/A       86%         1
 Cigotuvi's Dreadful Rot  Necr/Pois/Air  0%         N/A       95%         2
 Ensorcelled Hibernation  Hex/Ice        0%         N/A       95%         2
 Confusing Touch          Hex            0%         N/A       99%         3
 Sigil of Binding         Hex            0%         N/A       99%         3
 Vampiric Draining        Necr           0%         2d6       99%         3
 Anguish                  Hex/Necr       0%         N/A       100%        4
 Dispel Undead            Necr           0%         3d6       100%        4
 Death Channel            Necr           0%         N/A       100%        6


Dungeon Overview and Level Annotations

Branches:
Dungeon (7/15)             Temple (1/1) D:6

Altars:
Ashenzari
Cheibriados
Dithmenos
Elyvilon
Gozag
Hepliaklqana
Kikubaaqudgha
Nemelex Xobeh
Qazlal
Ru
Sif Muna
Trog
Uskayaw
Vehumet
Wu Jian
Xom
Yredelemnul
Zin
The Shining One

Shops:
D:6 [


Innate Abilities, Weirdness & Mutations

You have a beak for a mouth.
You have claws for feet.
Your magical flight helps you evade attacks. (EV +4)
You can magically evade attacks while moving or waiting.


Message History

You barely miss the wight. You claw the wight!
You peck the wight, but do no damage.
The wight is heavily damaged.
The wight barely misses you.
You barely miss the wight. Your kick misses the wight.
Your peck misses the wight.
The wight is heavily damaged.
You block the wight's attack.
You closely miss the wight. Your kick misses the wight.
Your peck misses the wight.
The wight is heavily damaged.
You barely miss the wight. You claw the wight, but do no damage.
You peck the wight.
The wight is heavily damaged.
The wight completely misses you.
You barely miss the wight. Your kick misses the wight.
The wight is heavily damaged.
The wight barely misses you.
You hit the wight but do no damage. You claw the wight.
The wight is almost destroyed.
The wight hits you with a +4 dire flail.
You hit the wight.
The wight is almost destroyed.
The wight barely misses you.
You hit the wight.
You destroy the wight!
Dithmenos accepts your kill.
You hit the wight. Your kick misses the wight.
The wight is lightly damaged.
You hit the wight. You claw the wight.
The wight is heavily damaged.
The wight misses you.
You barely miss the wight.
The wight is heavily damaged.
The wight hits you with a +3 morningstar.
* * * LOW HITPOINT WARNING * * *
You completely miss the wight. Your kick misses the wight.
The wight is heavily damaged.
The wight hits you with a +3 morningstar!
You die...

##...## #.....#
......## .......#
### .......# ###.#
....<..# ####..##
.......#
####....##
......##
#######...#####
......#
##.##zz@####
.....#####..>..###
....#..#.......##
...###..........#
..## #..........#
.## #....)....##
## #........##
#......###
#..#####


You could see 2 wights.

Vanquished Creatures
  Sigmund (D:4)
  Menkaure (D:4)
  Edmund (D:4)
  An orc warrior (D:6)
  An ogre (D:3)
  A phantom (D:6)
  A bullfrog (D:6)
  A gnoll sergeant (D:5)
  2 scorpions (D:5)
  3 wights (D:6)
  A crimson imp (D:4)
  A hound (D:4)
  2 jellies
  A gnoll bouda (D:5)
  2 orc priests
  2 sleepcaps
  Natasha (twice) (D:2)
  3 iguanas
  4 orc wizards
  15 gnolls
  9 adders
  A shadow imp (D:5)
  A white imp (D:4)
  An ufetubus (D:6)
  3 worms (D:2)
  2 dart slugs
  10 orcs
  4 endoplasms
  A giant cockroach (D:2)
  6 goblins
  4 hobgoblins
  3 jackals (D:5)
  4 quokkas
  11 ball pythons
  4 bats
  A frilled lizard (D:1)
  7 kobolds
  6 rats
124 creatures vanquished.

Vanquished Creatures (others)
  A human (D:3)
1 creature vanquished.

Grand Total: 125 creatures vanquished

Notes
Turn   | Place    | Note
-------+----------+-------------------------------------------
     0 | D:1      | wildpjah the Tengu Fighter began the quest for the Orb.
     0 | D:1      | Reached XP level 1. HP: 14/14 MP: 2/2
   156 | D:1      | You fall into a shaft and drop 1 floor!
   182 | D:2      | Reached XP level 2. HP: 19/19 MP: 3/3
   191 | D:2      | Found the +7 hand cannon "Mule" {flame, backblast, rF+}
   328 | D:2      | Reached XP level 3. HP: 23/23 MP: 4/4
   353 | D:2      | Noticed Natasha
   361 | D:2      | Killed Natasha
   362 | D:2      | Reached XP level 4. HP: 17/28 MP: 5/5
   506 | D:2      | Noticed Natasha
   507 | D:2      | Killed Natasha
   508 | D:2      | Reached skill level 1 in Ranged Weapons
   618 | D:2      | Identified the +1 sling "Kalav" {heavy, Will+}
   762 | D:3      | Reached XP level 5. HP: 33/33 MP: 6/6
   833 | D:3      | Noticed an ogre
   835 | D:3      | Killed an ogre
   836 | D:3      | Reached skill level 2 in Ranged Weapons
   976 | D:3      | Reached XP level 6. HP: 12/38 MP: 7/7
   984 | D:3      | Reached skill level 3 in Ranged Weapons
   985 | D:3      | HP: 1/38 [something (4)]
  1108 | D:3      | Found an ancient bone altar of Kikubaaqudgha.
  1109 | D:3      | Noticed a human
  1111 | D:3      | Killed a human
  1302 | D:3      | Found a shadowy altar of Dithmenos.
  1306 | D:3      | Became a worshipper of Dithmenos the Shadowed
  1393 | D:3      | Found a faded altar of an unknown god.
  1597 | D:4      | Noticed Edmund
  1601 | D:4      | Killed Edmund
  1602 | D:4      | Reached skill level 4 in Ranged Weapons
  1602 | D:4      | Gained mutation: Your magical flight helps you evade
                  | attacks. (EV +4) [Tengu growth]
  1602 | D:4      | Reached XP level 7. HP: 44/44 MP: 8/8
  1635 | D:4      | Found a hide-covered altar of Uskayaw.
  1786 | D:4      | Noticed Sigmund
  1789 | D:4      | Killed Sigmund
  1790 | D:4      | Reached skill level 1 in Short Blades
  1790 | D:4      | Reached skill level 5 in Ranged Weapons
  1790 | D:4      | Reached skill level 5 in Armour
  1806 | D:4      | Found an ornate altar of the Wu Jian Council.
  1830 | D:4      | Found a white marble altar of Elyvilon.
  1848 | D:4      | Noticed Menkaure
  1852 | D:4      | Killed Menkaure
  1853 | D:4      | Reached skill level 6 in Ranged Weapons
  1853 | D:4      | Reached XP level 8. HP: 27/48 MP: 9/9
  2028 | D:4      | Reached * piety under Dithmenos
  2524 | D:5      | Entered Level 5 of the Dungeon
  2531 | D:5      | Found a sparkling altar of Nemelex Xobeh.
  2572 | D:5      | Reached skill level 5 in Fighting
  2789 | D:5      | Found a sacrificial altar of Ru.
  2804 | D:5      | Reached skill level 7 in Ranged Weapons
  2809 | D:5      | Reached skill level 1 in Dodging
  3365 | D:6      | Found Argus's Dragon-Slaying Spoils.
  3530 | D:6      | Learned a level 2 spell: Jinxbite
  3541 | D:6      | HP: 2/50 [orc/+0 whip (2)]
  3728 | D:6      | Found a staircase to the Ecumenical Temple.
  3739 | Temple   | Entered the Ecumenical Temple
  3916 | D:6      | Reached skill level 8 in Ranged Weapons
  3916 | D:6      | Reached XP level 9. HP: 55/55 MP: 10/10
  4254 | D:6      | Reached ** piety under Dithmenos
  4266 | D:6      | Slain by a wight

Illustrated notes

Levels and vault maps discovered:
D:1:      minmay_arrival_semitransparent, layout_rooms, serial_curves,
          eino_curves_03, eino_curves_04, due_unseen_surprise
D:2:      layout_rooms, kennysheep_generic_room_3, uniq_natasha
D:3:      layout_loops_ring, tgw_kikubaaqudgha, nicolae_dithmenos_the_darkroom,
          nicolae_ecumenical_snake_handling, minmay_box_of_dots
D:4:      layout_basic, mainiacjoe_overflow_concentric_impassable,
          elyvilon_altar_5, mainiacjoe_overflow_24_doors,
          chequers_serial_rivers_large_b, minmay_fire_ice_demons, uniq_sigmund,
          uniq_menkaure, uniq_edmund
D:5:      layout_rooms, amcnicky_altar_gilded, kennysheep_little_box
D:6:      layout_cave_pods, minmay_temple_entry_grid, nicolae_shop_dragon_depot
D:7:      lemuel_ice_statue, layout_basic, fedhas_altar_4,
          mainiacjoe_overflow_paths, minmay_joined_circles, uniq_duvessa,
          uniq_crazy_yiuf_cottage, uniq_jeremiah
Temple:   hellmonk_temple_flake

Skill      XL: |  1  2  3  4  5  6  7  8  9 |
---------------+----------------------------+-----
Ranged Weapons | 1 2 4 6 8 |  8.3
Armour         | 4 5 6 |  6.0
Fighting       | 4 5 |  5.9
Long Blades    | 3 |  3.1
Shields        | 4 |  4.2
Short Blades   | 1 3 |  3.1
Dodging        | 1 |  1.4
Stealth        | |  0.1

Action                     |  1- 3 |  4- 6 |  7- 9 || total
---------------------------+-------+-------+-------++-------
  Melee: Long sword        |    15 |     2 |       ||    17
         Kick              |     6 |     8 |    44 ||    58
         Peck              |     2 |     7 |    26 ||    35
         Short sword       |       |    26 |    93 ||   119
   Fire: Hand cannon       |    12 |    69 |    77 ||   158
    Use: Potion            |       |     3 |       ||     3
 Armour: Scale mail        |    11 |    40 |    66 ||   117
  Dodge: Dodged            |    10 |    21 |    67 ||    98
  Block: Buckler           |     3 |     8 |    18 ||    29

Table legend: (Time is in decaauts)
 A = Elapsed time spent in this place.
 B = Non-inter-level travel time spent in this place.
 C = Inter-level travel time spent in this place.
 D = Time resting spent in this place.
 E = Time spent auto-exploring this place.
 F = Levels seen in this place.
 G = Mean time per level.
                   A        B        C        D        E       F      G
               +--------+--------+--------+--------+--------+-----+--------+
         Total |   4396 |   4330 |     66 |    100 |   3457 |   8 |  549.5 |
       Dungeon |   4394 |   4328 |     66 |    100 |   3457 |   7 |  627.7 |
        Temple |      1 |      1 |      0 |      0 |      0 |   1 |    1.0 |
               +--------+--------+--------+--------+--------+-----+--------+

Top non-repeatable levels by time:
     D:6: 1160 daAuts
     D:4: 995 daAuts
     D:3: 873 daAuts
     D:2: 602 daAuts
     D:5: 598 daAuts
     D:1: 158 daAuts
     D:7: 6 daAuts
  Temple: 1 daAuts
